AoeStats
← Theminer

Black Forest

510108114Analyzed
2v2 RM · 3d ago on Sep 29, 2026· 50m 47s· 4 players
Game mode
Random Map
Map size
Medium (4 player)
Population
200
Speed
Normal
Resources
Standard
Victory
Conquest
Starting age
Dark Age
Ending age
Imperial Age
RankedLock teamsTeams togetherTeam positionsShared explorationLock speedFull tech treeHidden civsTurbo modeCheats
Victory
Defeat
🇪🇸 Celts · Spain
1064
+16
🇵🇪 Cumans · Peru
983
+20
🇦🇷 Khmer · Argentina
1060
-18
🇦🇷 Bohemians · Argentina
1056
-18
BRugal
7:18 Loom
9:50 Feudal Age
15:41 Town Watch
16:36 Wheelbarrow
22:52 Castle Age
20:40 Horse Collar
21:20 Double-Bit Axe
26:35 Gold Mining
29:26 Hand Cart
35:14 Imperial Age
34:30 Scale Mail Armor
36:04 Chain Mail Armor
36:00 Forging
36:35 Conscription
41:13 Elite Woad Raider
45:44 Plate Mail Armor
48:54 Iron Casting
Wololo
10:45 Feudal Age
17:06 Double-Bit Axe
17:09 Man-at-Arms
18:54 Scale Mail Armor
19:58 Forging
20:24 Arson
24:16 Horse Collar
28:00 Castle Age
27:36 Gold Mining
28:12 Long Swordsman
28:14 Pikeman
30:24 Bow Saw
30:27 Heavy Plow
31:22 Squires
34:07 Town Watch
35:53 Gold Shaft Mining
37:01 Wheelbarrow
36:31 Town Patrol
37:19 Capped Ram
41:07 Stone Mining
44:54 Imperial Age
42:48 Hand Cart
44:42 Iron Casting
44:23 Chain Mail Armor
45:38 Siege Ram
46:47 Two-Handed Swordsman
47:14 Halberdier
49:03 Crop Rotation
Limón
0:47 Loom
15:41 Feudal Age
15:47 Man-at-Arms
21:48 Wheelbarrow
40:12 Castle Age
41:08 Double-Bit Axe
46:00 Hand Cart
Theminer
1:06 Loom
11:59 Feudal Age
13:15 Wheelbarrow
12:30 Double-Bit Axe
12:26 Horse Collar
17:19 Fletching
22:04 Castle Age
22:23 Scale Barding Armor
22:33 Forging
23:06 Bow Saw
30:22 Husbandry
33:30 Light Cavalry
34:57 Town Watch
38:39 Imperial Age
38:05 Hand Cart
40:04 Chemistry
39:50 Conscription
39:50 Fortified Wall
40:23 Town Patrol
45:44 Hussite Reforms
45:09 Cavalier
46:14 Heavy Plow
45:57 Capped Ram
48:32 Murder Holes
Connection lost

Rejoining the realm…

Still unreachable

The connection could not be restored.

Session expired

The server has moved on; the page needs a fresh start.